 Dungeon Crawl Stone Soup version 0.29-a0-298-g3c90f9a769 (webtiles) character file.

Game seed: 5482598084980949481

14694 kae the Destroyer (level 12, -1/75 HPs)
             Began as a Tengu Fire Elementalist on Mar 22, 2022.
             Was a Follower of Vehumet.
             Slain by Snorg (9 damage)
             ... on level 11 of the Dungeon.
             The game lasted 00:15:34 (18272 turns).

kae the Destroyer (Tengu Fire Elementalist)        Turns: 18272, Time: 00:15:34

Health: -1/75      AC: 13    Str: 15    XL:     12   Next: 19%
Magic:  17/25      EV: 18    Int: 19    God:    Vehumet [*.....]
Gold:   549        SH:  5    Dex: 16    Spells: 11/27 levels left

rFire   . . .      SeeInvis .   c - +2 dagger (venom)
rCold   . . .      Faith    .   m - +0 buckler
rNeg    . . .      Spirit   .   A - +0 acid dragon scales
rPois   .          Reflect  .   (helmet restricted)
rElec   .          Harm     .   C - +1 cloak
rCorr   +          Rampage  .   (no gloves)
Will    .....                   (boots unavailable)
Stlth   ++........              E - amulet of regeneration
HPRegen 1.02/turn               n - +6 ring of strength
MPRegen 0.19/turn               s - +4 ring of protection

@: flying quickly and evasively, quick
A: beak, talons 3, nimble flight
a: Renounce Religion


You were on level 11 of the Dungeon.
You worshipped Vehumet.
Vehumet was aware of your devotion.
You visited 2 branches of the dungeon, and saw 13 of its levels.
You also visited: Gauntlet.

You collected 604 gold pieces.
You spent 55 gold pieces at shops.

Inventory:

Hand Weapons
 c - a +2 dagger of venom (weapon)
Armour
 a - a +1 robe
 h - the +7 Kryia's mail coat {PotionHeal*2 rC+}
   (You found it on level 3 of the Dungeon)

   Potions are twice as effective at healing its wearer.
   rC:        It protects you from cold.
 m - a +0 buckler (worn)
 A - +0 acid dragon scales (worn)
 C - a +1 cloak (worn)
 H - +0 steam dragon scales
Jewellery
 n - a +6 ring of strength (left hand)
 s - a +4 ring of protection (right hand)
 B - a ring of positive energy
 E - an amulet of regeneration (around neck)
 M - a ring of poison resistance
Wands
 o - a wand of polymorph (9)
 u - a wand of acid (10)
 x - a wand of iceblast (14)
 G - a wand of flame (26)
 J - a wand of mindburst (13)
 K - a wand of paralysis (4)
 L - a wand of charming (2)
Scrolls
 l - 3 scrolls of teleportation
 v - 6 scrolls of amnesia
 w - 2 scrolls of fog
 y - 2 scrolls of magic mapping
 D - a scroll of holy word
 I - 2 scrolls of noise
 N - 2 scrolls of identify
Potions
 b - 2 potions of magic
 d - 3 potions of haste
 e - 6 potions of curing
 f - 2 potions of attraction
 g - 3 potions of brilliance
 i - 2 potions of berserk rage
 j - 2 potions of degeneration
 k - a potion of invisibility
 p - 3 potions of mutation
 q - 4 potions of heal wounds
 r - 2 potions of flight {unknown}
 t - a potion of might {unknown}
 z - a potion of ambrosia {unknown}
 F - a potion of lignification {unknown}


   Skills:
 + Level 8.3 Fighting
 * Level 4.2 Armour
 - Level 9.0 Dodging
 - Level 2.0 Stealth
 - Level 4.0 Shields
 + Level 8.1 Spellcasting
 + Level 11.1 Conjurations
 + Level 9.8 Fire Magic


You had 11 spell levels left.
You knew the following spells:

 Your Spells              Type           Power      Damage    Failure   Level
a - Foxfire               Conj/Fire      100%       2x1d9     1%          1
b - Scorch                Fire           90%        2d9       1%          2
c - Conjure Flame         Conj/Fire      47%        6-21      1%          3
d - Inner Flame           Hex/Fire       26%        N/A       6%          3
e - Flame Wave            Conj/Fire      47%        2d10      2%          4
f - Swiftness             Air            7%         N/A       43%         3

Your spell library contained the following spells:

 Spells                   Type           Power      Damage    Failure   Level
 Freeze                   Ice            28%        1d5       16%         1
 Shock                    Conj/Air       100%       1d9       1%          1
 Stone Arrow              Conj/Erth      56%        3d10      4%          3
 Sandblast                Erth           14%        2d6       16%         1
 Corpse Rot               Necr/Air       14%        N/A       24%         2
 Passwall                 Tmut/Erth      5%         N/A       24%         2
 Lightning Bolt           Conj/Air       14%        1d27      41%         5
 Airstrike                Air            3%         N/A       85%         4
 Dispel Undead            Necr           7%         3d8       85%         4
 Summon Lightning Spire   Summ/Air       7%         N/A       85%         4
 Death Channel            Necr           3%         N/A       100%        6
 Malign Gateway           Summ/Tloc      3%         N/A       100%        7
 Summon Horrible Things   Summ           3%         N/A       100%        8


Dungeon Overview and Level Annotations

Branches:
Dungeon (12/15)            Temple (1/1) D:7            Lair (0/6) D:9
Gauntlet (visited)
    Orc: D:9-12

Altars:
Ashenzari
Cheibriados
Dithmenos
Elyvilon
Fedhas
Gozag
Hepliaklqana
Kikubaaqudgha
Makhleb
Nemelex Xobeh
Okawaru
Qazlal
Ru
Sif Muna
Trog
Uskayaw
Vehumet
Wu Jian
Xom
Yredelemnul
Zin
The Shining One

Shops:
D:9 ?   D:11 [*   D:12 :

Annotations:
D:3 2 transporters, Natasha; kipponium's ghost, amateur DsBe
D:7 exclusion: steam dragon
D:9 exclusion: death knight
D:11 Erica; Snorg


Innate Abilities, Weirdness & Mutations

You have a beak for a mouth.
You have claws for feet.
Your magical nature lets you fly swiftly and evasively.


Message History

Confirm with . or Enter, or press ? or * to list all spells.
You conjure some foxfire!
Snorg shouts!
The foxfire hits Snorg!
Snorg is lightly wounded.
Casting: Foxfire (safe; 1% risk of failure)
Confirm with . or Enter, or press ? or * to list all spells.
The fire begins to smoulder!
Your foxfire dissipates!
The fire ignites!
Erica shouts!
Erica mumbles some strange words.
Erica flickers and vanishes!
Deactivating autopickup; reactivate with Ctrl-A.
Snorg goes berserk!
Casting: Conjure Flame (safe; 1% risk of failure)
Confirm with . or Enter, or press ? or * to list all spells.
Flames lash Snorg.
Snorg is lightly wounded.
Snorg's fire resistance burns away.
Snorg is engulfed in blazing flames.
Snorg completely misses you. Snorg claws you but does no damage.
Snorg claws you.
Snorg is engulfed in blazing flames.
Snorg misses you. Snorg claws you! Snorg completely misses you.
Casting: Scorch (safe; 1% risk of failure)
Confirm with . or Enter, or press ? or * to list all spells.
Flames lash Snorg.
Snorg is burned terribly!
Snorg is moderately wounded.
Snorg is engulfed in blazing flames.
Snorg barely misses you. Snorg completely misses you. Snorg closely misses you.
Snorg is engulfed in blazing flames.
Snorg closely misses you. Snorg claws you! Snorg barely misses you.
Snorg is engulfed in blazing flames.
Snorg bites you!! Snorg claws you but does no damage. Snorg claws you!
* * * LOW HITPOINT WARNING * * *
Casting: Scorch (safe; 1% risk of failure)
Confirm with . or Enter, or press ? or * to list all spells.
Flames lash something.
Snorg is engulfed in blazing flames.
Snorg bites you!
* * * LOW HITPOINT WARNING * * *
Snorg misses you. Snorg claws you!
You die...

.# #.......# .# #.......# #######
## #.......# #..... # #.......#
#...@ ##### #.......# ...
....####.......# #.#
......##.......# #.#
.##.#.##.......#######.#
.#..(...(.#.....@T{....######
.####.###.###.#######.......#
......[)..................#.#####
.####)###.###.#.........#........
.####.###.###.#.####..#.#.#.#####
..........................^.>####
.####.###.###.#.####..#..........
....#.# #<#........#..#..........
.##.#.# #.#.#.####.#..#.:.#..###.


You could see Snorg (berserk, combustible).

Vanquished Creatures
  5 two-headed ogres
  A cyclops (D:11)
  3 gargoyles
  An unseen horror (D:11)
  Maggie (D:7)
  A kobold demonologist (D:10)
  A komodo dragon (D:10)
  3 trolls
  A hornet (D:10)
  2 shadows
  A wyvern (D:8)
  26 yaks
  2 steam dragons
  An orc warrior (D:8)
  2 ice beasts
  5 wolves (D:9)
  An ogre (D:6)
  7 centaurs
  2 phantoms
  2 kobold brigands
  2 gnoll sergeants
  2 bullfrogs
  5 scorpions
  A necrophage (D:5)
  5 wights (D:9)
  4 killer bees (D:10)
  4 electric eels
  5 howler monkeys
  4 jellies
  8 orc priests
  Crazy Yiuf (D:7)
  11 hounds
  3 iguanas (D:4)
  8 orc wizards
  9 gnolls
  9 adders
  A shadow imp (D:6)
  2 white imps
  An ufetubus (D:5)
  3 worms
  2 dart slugs
  26 orcs
  5 bats
  7 endoplasms
  4 giant cockroaches
  7 goblins
  6 hobgoblins
  2 jackals (D:1)
  2 quokkas
  6 ball pythons
  4 frilled lizards
  13 kobolds
  4 rats
244 creatures vanquished.

Vanquished Creatures (others)
  630 foxfires
  7 fungi (Gauntlet)
  17 plants (Gauntlet)
  4 withered plants (Gauntlet)
658 creatures vanquished.

Grand Total: 902 creatures vanquished

Notes
Turn   | Place    | Note
-------+----------+-------------------------------------------
     0 | D:1      | kae the Tengu Fire Elementalist began the quest for the
                  | Orb.
     0 | D:1      | Reached XP level 1. HP: 10/10 MP: 4/4
   317 | D:1      | Reached XP level 2. HP: 16/16 MP: 1/6
   875 | D:1      | Reached skill level 2 in Conjurations
   887 | D:1      | Reached XP level 3. HP: 14/20 MP: 0/7
  1002 | D:1      | Reached skill level 1 in Fighting
  1260 | D:2      | Found a faded altar of an unknown god.
  1356 | D:2      | Learned a level 2 spell: Scorch
  1360 | D:2      | Learned a level 3 spell: Conjure Flame
  1431 | D:2      | Reached XP level 4. HP: 25/25 MP: 3/8
  1776 | D:2      | Reached skill level 3 in Conjurations
  1776 | D:2      | Gained mutation: Your magical nature lets you fly swiftly
                  | and evasively. [Tengu growth]
  1776 | D:2      | Reached XP level 5. HP: 30/30 MP: 6/10
  2347 | D:3      | Found the +7 Kryia's mail coat {PotionHeal*2 rC+}
  2487 | D:3      | Noticed Natasha
  2545 | D:3      | Noticed a phantom
  2554 | D:3      | Killed a phantom
  2555 | D:3      | Reached XP level 6. HP: 31/36 MP: 3/11
  2821 | D:3      | Noticed kipponium's ghost (amateur DsBe)
  2831 | D:3      | Found a transporter.
  2834 | D:3      | Found a transporter.
  3235 | D:3      | HP: 1/36 [poisoned by a scorpion]
  4038 | D:3      | Reached skill level 4 in Conjurations
  4229 | D:4      | Reached skill level 1 in Shields
  4271 | D:4      | Reached XP level 7. HP: 33/40 MP: 7/13
  4560 | D:4      | Learned a level 3 spell: Inner Flame
  4565 | D:4      | Learned a level 4 spell: Flame Wave
  5678 | D:5      | Entered Level 5 of the Dungeon
  5782 | D:5      | Reached skill level 5 in Fire Magic
  6095 | D:5      | Reached XP level 8. HP: 40/46 MP: 5/14
  6224 | D:5      | Reached skill level 5 in Conjurations
  7849 | D:6      | Reached skill level 5 in Dodging
  8377 | D:7      | Noticed Maggie
  8589 | D:7      | Killed Maggie
  8590 | D:7      | Reached skill level 6 in Conjurations
  8590 | D:7      | Reached XP level 9. HP: 16/52 MP: 1/17
  9577 | D:7      | Found a staircase to the Ecumenical Temple.
  9798 | D:7      | Found a runed translucent door.
  9799 | D:7      | Noticed Crazy Yiuf
  9983 | Temple   | Entered the Ecumenical Temple
 10185 | D:7      | Killed Crazy Yiuf
 10395 | D:8      | Reached skill level 5 in Spellcasting
 10800 | D:8      | Reached skill level 5 in Fighting
 10800 | D:8      | Reached skill level 7 in Conjurations
 11471 | D:8      | Reached XP level 10. HP: 51/60 MP: 9/19
 11978 | D:9      | Found Vorer's Magic Scroll Shoppe.
 12207 | D:9      | Reached skill level 8 in Conjurations
 12262 | D:9      | Bought a scroll of identify for 22 gold pieces
 12262 | D:9      | Bought a scroll of identify for 22 gold pieces
 12267 | D:9      | Noticed a death knight
 12319 | D:9      | Found a shadowy altar of Dithmenos.
 12462 | D:9      | Noticed a two-headed ogre
 12958 | D:9      | Killed a two-headed ogre
 13144 | D:9      | Found a staircase to the Lair.
 13282 | D:9      | Reached skill level 9 in Conjurations
 13889 | D:9      | Reached XP level 11. HP: 66/66 MP: 16/22
 14032 | D:9      | Bought a scroll of noise for 11 gold pieces
 14036 | D:10     | Entered Level 10 of the Dungeon
 14557 | D:10     | Found a radiant altar of Vehumet.
 14558 | D:10     | Found a blossoming altar of Fedhas.
 14559 | D:10     | Found an ancient bone altar of Kikubaaqudgha.
 14561 | D:10     | Found an opulent altar of Gozag.
 14563 | D:10     | Found a basalt altar of Yredelemnul.
 14570 | D:10     | Became a worshipper of Vehumet
 14576 | D:10     | Found a bloodstained altar of Trog.
 14964 | D:10     | Noticed a boulder beetle
 15081 | D:10     | Noticed a two-headed ogre
 15103 | D:10     | Reached skill level 10 in Conjurations
 15112 | D:10     | Killed a two-headed ogre
 16254 | D:11     | Noticed a cyclops
 16390 | D:11     | Found Awouzy's Wicked Wares.
 16400 | D:11     | Reached skill level 1 in Armour
 16580 | D:11     | Found a gate leading to a gauntlet.
 16669 | D:11     | Noticed Snorg
 16732 | Gauntlet | Entered a Gauntlet
 16732 | Gauntlet | Found a transporter.
 16746 | Gauntlet | Found a transporter.
 16756 | Gauntlet | Found a transporter.
 16759 | Gauntlet | Noticed a wizard
 16760 | Gauntlet | Noticed a balrug
 16761 | Gauntlet | Found a transporter.
 16776 | Gauntlet | Found a transporter.
 16780 | Gauntlet | Found the +7 great mace "Undeadhunter" {disrupt, rN+}
 16791 | Gauntlet | Noticed a wizard
 16795 | Gauntlet | Found a transporter.
 16807 | Gauntlet | Found a transporter.
 16812 | Gauntlet | Noticed a death drake
 16821 | Gauntlet | Noticed a fire crab
 16823 | Gauntlet | Noticed a fenstrider witch
 16823 | Gauntlet | Noticed an iron troll
 16823 | Gauntlet | a fenstrider witch changed into an iron troll
 16825 | Gauntlet | Found a transporter.
 16827 | Gauntlet | Noticed a shadow dragon
 16827 | Gauntlet | Noticed an eleionoma
 16827 | Gauntlet | a shadow dragon changed into an eleionoma
 16831 | Gauntlet | Found a transporter.
 16836 | Gauntlet | Noticed a catoblepas
 16836 | Gauntlet | Noticed a quicksilver dragon
 16837 | Gauntlet | Noticed a dire elephant
 16837 | Gauntlet | a quicksilver dragon changed into a dire elephant
 16840 | Gauntlet | Found a transporter.
 16850 | Gauntlet | Noticed a fire crab
 16852 | Gauntlet | Found a transporter.
 16893 | Gauntlet | Noticed an ice dragon
 16894 | Gauntlet | Noticed a minotaur
 16894 | Gauntlet | an ice dragon changed into a minotaur
 16936 | Gauntlet | Noticed a faun
 16936 | Gauntlet | an elephant changed into a faun
 16937 | Gauntlet | Noticed a frost giant
 16940 | Gauntlet | Noticed a moth of wrath
 16940 | Gauntlet | a faun changed into a moth of wrath
 16971 | Gauntlet | Found a transporter.
 16988 | Gauntlet | Found a transporter.
 16990 | Gauntlet | Found a transporter.
 17015 | Gauntlet | Found a transporter.
 17017 | Gauntlet | Found a transporter.
 17051 | Gauntlet | Learned a level 3 spell: Swiftness
 17158 | D:11     | Noticed Erica
 17358 | D:11     | You are sucked into a shaft and drop 1 floor!
 17366 | D:12     | Noticed a deep elf pyromancer
 17377 | D:12     | Found Emekk's Book Shoppe.
 17487 | D:11     | Noticed a two-headed ogre
 17537 | D:11     | Killed a two-headed ogre
 17537 | D:11     | Reached * piety under Vehumet
 17537 | D:11     | Offered knowledge of Freeze by Vehumet.
 17538 | D:11     | Noticed a tengu warrior
 17539 | D:11     | Killed a cyclops
 17540 | D:11     | Reached XP level 12. HP: 61/73 MP: 7/24
 17545 | D:11     | Found For Cyrphe's Antique Armour Boutique.
 17631 | D:11     | Noticed a two-headed ogre
 17652 | D:11     | Killed a two-headed ogre
 17653 | D:11     | Reached skill level 11 in Conjurations
 18045 | D:11     | Noticed a two-headed ogre
 18061 | D:11     | Killed a two-headed ogre
 18272 | D:11     | Slain by Snorg

Illustrated notes

Levels and vault maps discovered:
D:1:      dpeg_arrival_stone_temple_mockup, layout_rooms
D:2:      layout_rooms, basic_ecumenical_altar, serial_glass, glass_columns_a,
          glass_columns_a
D:3:      minmay_razor_zed, layout_basic, gammafunk_ghost_arena, uniq_natasha
D:4:      layout_basic, grunt_decor_one_mirror
D:5:      layout_basic, serial_glass, glass_columns_c, glass_columns_b,
          nrook_mini_backslash
D:6:      layout_gridville
D:7:      layout_layer_cave, temple_hall, nicolae_water_bricks, uniq_maggie,
          uniq_crazy_yiuf_cottage
D:8:      minmay_angry_zag, layout_cave_pools
D:9:      layout_roguey, grunt_dithmenos_shadows, erik_lair_island,
          serial_shops, nicolae_stop_n_shop_2,
          hangedman_abyss_or_decor_lesser_grid
D:10:     minmay_clustersquares, layout_basic, minitemple,
          nicolae_straight_to_the_point
D:11:     layout_basic, gauntlet_entry_generic, serial_shops, shop,
          nicolae_lava_and_water, nicolae_evil_shop, uniq_erica, uniq_snorg
D:12:     layout_basic, hiddenorc1_lemuel, serial_shops, shop, uniq_fannar
Temple:   regret_index_temple_waves

Skill      XL: |  1  2  3  4  5  6  7  8  9 10 11 12 |
---------------+-------------------------------------+-----
Conjurations   | 2 3 4 6 7 9 10 11 | 11.1
Fighting       | 1 2 3 4 5 6 8 |  8.3
Dodging        | 3 4 5 6 8 9 |  9.0
Fire Magic     | 4 5 6 7 8 9 |  9.8
Spellcasting   | 3 4 5 6 7 8 |  8.1
Shields        | 1 2 4 |  4.0
Armour         | 3 4 |  4.2
Stealth        | |  2.0

Action                   |  1- 3 |  4- 6 |  7- 9 | 10-12 || total
-------------------------+-------+-------+-------+-------++-------
Melee: Dagger            |    12 |    19 |    34 |    47 ||   112
       Kick              |     5 |     8 |    15 |    24 ||    52
       Peck              |     1 |     4 |     3 |    18 ||    26
 Cast: Foxfire           |    63 |    65 |   145 |   114 ||   387
       Scorch            |       |    22 |    79 |   168 ||   269
       Conjure Flame     |       |       |     6 |    15 ||    21
       Inner Flame       |       |       |       |     5 ||     5
       Swiftness         |       |       |       |     1 ||     1
  Use: Scroll            |     1 |     3 |     9 |     6 ||    19
       Potion            |       |       |       |     1 ||     1
Armor: Robe              |     2 |     8 |    13 |       ||    23
       Acid dragon scale |       |       |    13 |    61 ||    74
Dodge: Dodged            |    20 |    44 |    99 |   143 ||   306
Block: Buckler           |       |     5 |    31 |    49 ||    85

Table legend: (Time is in decaauts)
 A = Elapsed time spent in this place.
 B = Non-inter-level travel time spent in this place.
 C = Inter-level travel time spent in this place.
 D = Time resting spent in this place.
 E = Time spent auto-exploring this place.
 F = Levels seen in this place.
 G = Mean time per level.
                   A        B        C        D        E       F      G
               +--------+--------+--------+--------+--------+-----+--------+
         Total |  17406 |  16815 |    591 |   2815 |  11279 |  14 | 1243.3 |
       Dungeon |  17008 |  16432 |    576 |   2815 |  10946 |  12 | 1417.3 |
        Temple |    105 |     90 |     15 |      0 |     81 |   1 |  105.0 |
      Gauntlet |    292 |    292 |      0 |      0 |    252 |   1 |  292.0 |
               +--------+--------+--------+--------+--------+-----+--------+

Top non-repeatable levels by time:
     D:7: 2282 daAuts
    D:10: 2125 daAuts
     D:3: 1888 daAuts
     D:9: 1822 daAuts
    D:11: 1497 daAuts
     D:8: 1479 daAuts
     D:4: 1422 daAuts
     D:6: 1342 daAuts
     D:1: 1208 daAuts
     D:5: 958 daAuts
     D:2: 955 daAuts
Gauntlet: 292 daAuts
  Temple: 105 daAuts
    D:12: 25 daAuts
